 Dungeon Crawl Stone Soup version 0.30-a0-913-g9934a0ce24 (webtiles) character file.

Game seed: 17814477447053721165

2882 ragingrage the Carver (level 9, -4/47 HPs)
             Began as a Deep Elf Warper on Mar 19, 2023.
             Was an Elder of Sif Muna.
             Killed from afar by an electric eel (16 damage)
             ... with a bolt of electricity
             ... in a bailey.
             The game lasted 00:13:23 (7220 turns).

ragingrage the Carver (Deep Elf Warper)             Turns: 7220, Time: 00:13:23

Health: -4/47      AC:  6    Str:  8    XL:     9   Next: 48%
Magic:  20/20      EV: 12    Int: 21    God:    Sif Muna [****..]
Gold:   444        SH:  5    Dex: 16    Spells: 6/20 levels left

rFire   . . .      SeeInvis .    b - +2 sling (freeze)
rCold   . . .      Faith    .    I - +0 buckler
rNeg    . . .      Spirit   .    u - +0 leather armour
rPois   +          Reflect  .    v - +0 helmet
rElec   .          Rampage  .    C - scarf {repulsion}
rCorr   .                        (no gloves)
Will    +....                    g - +1 pair of boots
Stlth   ++                       y - amulet of regeneration
HPRegen 1.07/turn                z - ring of poison resistance
MPRegen 0.17/turn                L - ring of willpower

@: repel missiles
A: no striking features
a: Renounce Religion, Channel Magic, Forget Spell, Divine Exegesis


You were in a bailey.
You worshipped Sif Muna.
Sif Muna was greatly pleased with you.
You visited 1 branch of the dungeon, and saw 7 of its levels.
You also visited: Bailey.

You collected 444 gold pieces.

Inventory:

Hand Weapons
 a - a +2 vampiric long sword
 b - a +2 sling of freezing (weapon)
 e - a +0 dagger
Missiles
 d - 6 boomerangs of dispersal
 i - 6 poisoned darts
 t - 3 datura-tipped darts
 E - 3 curare-tipped darts
 N - 7 boomerangs
Armour
 g - a +1 pair of boots (worn)
 u - a +0 leather armour (worn)
 v - a +0 helmet (worn)
 C - a scarf of repulsion (worn)
 H - a +0 cloak
 I - a +0 buckler (worn)
Jewellery
 y - an amulet of regeneration (around neck)
 z - a ring of poison resistance (left hand)
 G - a ring of protection from fire
 L - a ring of willpower (right hand)
 O - a +6 ring of strength
Wands
 p - a wand of polymorph (19)
Scrolls
 c - 3 scrolls of blinking
 j - 3 scrolls of enchant weapon
 k - 2 scrolls of teleportation {unknown}
 m - 2 scrolls of fear
 o - a scroll of amnesia {unknown}
 r - a scroll of immolation {unknown}
 s - 2 scrolls of magic mapping {unknown}
 w - a scroll of vulnerability {unknown}
 F - a scroll of butterflies {unknown}
 M - a scroll of silence {unknown}
 P - a scroll of acquirement
Potions
 f - 4 potions of lignification
 h - 3 potions of curing
 l - 2 potions of attraction
 n - 2 potions of might
 q - a potion of resistance {unknown}
 x - a potion of mutation {unknown}
 A - a potion of flight {unknown}
 B - a potion of cancellation {unknown}
 D - 2 potions of magic {unknown}
 J - 2 potions of brilliance {unknown}
 K - a potion of haste {unknown}


   Skills:
 - Level 1.5 Fighting
 + Level 8.7 Long Blades
 - Level 1.0 Throwing
 - Level 0.7 Armour
 - Level 3.0 Dodging
 - Level 4.0 Stealth
 - Level 3.0 Shields
 - Level 6.0 Spellcasting
 - Level 5.0 Translocations
 - Level 6.0 Ice Magic


You had 6 spell levels left.
You knew the following spells:

 Your Spells              Type           Power      Damage    Failure   Level
a - Blink                 Tloc           54%        N/A       3%          2
b - Lesser Beckoning      Tloc           54%        N/A       3%          2
c - Vhi's Electric Charg  Tloc/Air       32%        N/A       21%         3
d - Frozen Ramparts       Ice            62%        1d10      4%          3
e - Manifold Assault      Tloc           27%        N/A       24%         4

Your spell library contained the following spells:

 Spells                   Type           Power      Damage    Failure   Level
 Freeze                   Ice            100%       1d10      1%          1
 Teleport Other           Tloc           27%        N/A       7%          3
 Hailstorm                Conj/Ice       18%        3d6       16%         3
 Ignite Poison            Fire/Tmut/Pois 6%         N/A       50%         3
 Sticky Flame             Conj/Fire      6%         2d3       88%         4
 Ignition                 Fire           3%         3d4       100%        8


Dungeon Overview and Level Annotations

Branches:
Dungeon (7/15)             Temple (0/1) D:5          Bailey (1/1)

Altars:
Ashenzari
Kikubaaqudgha
Makhleb
Qazlal
Sif Muna
The Shining One

Shops:
D:1 (

Annotations:
D:2 Sigmund
D:4 exclusion: downstairs
D:6 Edmund


Message History

t - Shout!
Orders for allies: a - Attack new target. r - Retreat! s - Stop attacking. g - Guard the area. f - Follow me.
Anything else - Cancel.
You shout for attention!
You start waiting.
An electric eel comes into view.
You feel the dreadful sensation subside.
Your +2 sling of freezing is covered in frost.
b - a +2 sling of freezing (weapon)
The electric eel shoots out a bolt of lightning at you!
The bolt of electricity hits you!
There is an open door here.
You are too injured to fight recklessly!
Fire: b) +2 sling (freeze)
Aim: an electric eel (water, 40% to hit)
You shoot a sling bullet. The sling bullet hits the electric eel.
The sling bullet freezes the electric eel.
The electric eel shoots out a bolt of lightning at you!
The bolt of electricity hits you.
Fire: b) +2 sling (freeze)
Aim: an electric eel (water, moderately wounded, 40% to hit)
You shoot a sling bullet. The sling bullet hits the electric eel.
The sling bullet freezes the electric eel.
The electric eel shoots out a bolt of lightning at you!
The bolt of electricity hits you!
Fire: b) +2 sling (freeze)
Aim: an electric eel (water, heavily wounded, 40% to hit)
You shoot a sling bullet. The sling bullet hits the electric eel.
The sling bullet freezes the electric eel.
The electric eel shoots out a bolt of lightning at you!
The bolt of electricity hits you!
* * * LOW HITPOINT WARNING * * *
Fire: b) +2 sling (freeze)
Aim: an electric eel (water, almost dead, 40% to hit)
Okay, then.
The electric eel shoots out a bolt of lightning at you!
The bolt of electricity hits you!
You die...

≈≈≈≈≈≈≈≈≈≈≈≈≈≈≈≈≈≈≈
≈≈≈≈≈≈≈≈≈≈≈≈≈≈≈≈≈≈≈
≈≈≈≈≈≈≈≈≈≈≈≈≈≈≈≈≈≈ ≈≈≈≈≈≈≈
≈≈≈≈≈≈≈≈≈≈≈≈≈≈≈≈≈
≈≈≈≈≈≈≈######~~~~~~~~~~~##
≈≈≈≈≈≈≈#.'........∩.......
≈≈≈≈≈≈≈###..######.######.
≈≈≈≈≈≈≈#....#!!.#...#...#.
≈≈≈≈≈≈≈#.@..#?!.#...#...#.
≈≈≈≈≈≈≈#'#)##+###8.8###+##
≈≈≈≈≈≈≈~.#..# #...# #.
≈≈≈≈≈≈≈~.#..# #8.8# #.
≈≈≈≈≈≈≈~.#..# #...# #.
≈≈≈≈≈≈S~.#..# #...# #.
≈≈≈≈≈≈≈~.#..# ##+## #.
≈≈≈≈≈≈≈~.##+# #'
≈≈≈≈≈≈≈~.#.. #.


You could see an electric eel.

Vanquished Creatures
  An orc high priest (Bailey)
  A water moccasin (D:7)
  4 orc warriors (Bailey)
  An ice beast (D:6)
  2 centaurs
  2 ogres
  2 phantoms
  2 scorpions (D:5)
  A bullfrog (D:7)
  4 electric eels (Bailey)
  2 howler monkeys (D:7)
  A bullfrog zombie (D:5)
  A jelly (D:5)
  An orc priest (D:5)
  5 hounds
  2 sleepcaps
  A bullfrog skeleton (D:5)
  3 iguanas
  4 orc wizards (D:5)
  Terence (D:3)
  Robin (D:2)
  13 adders
  4 gnolls (Bailey)
  A howler monkey skeleton (D:5)
  2 white imps (D:6)
  3 ufetubi
  6 worms
  4 dart slugs
  16 orcs
  3 bats
  5 endoplasms
  4 giant cockroaches
  28 goblins
  12 hobgoblins
  5 jackals
  4 quokkas
  11 ball pythons
  5 frilled lizards
  4 kobolds
  6 rats
178 creatures vanquished.

Vanquished Creatures (others)
  A human (D:5)
  A gnoll (Bailey)
  2 withered plants (D:5)
4 creatures vanquished.

Grand Total: 182 creatures vanquished

Notes
Turn   | Place    | Note
-------+----------+-------------------------------------------
     0 | D:1      | ragingrage the Deep Elf Warper began the quest for the Orb.
     0 | D:1      | Reached XP level 1. HP: 12/12 MP: 6/6
    68 | D:1      | Reached skill level 2 in Long Blades
   124 | D:1      | Found a faded altar of an unknown god.
   162 | D:1      | Prayed at the altar of an unknown god.
   162 | D:1      | Became a worshipper of Sif Muna the Loreminder
   162 | D:1      | Reached * piety under Sif Muna
   194 | D:1      | Reached skill level 1 in Stealth
   296 | D:1      | Reached XP level 2. HP: 16/16 MP: 8/8
   375 | D:1      | Found Meolivih's Weapon Boutique.
   518 | D:1      | Learned a level 2 spell: Blink
   615 | D:1      | Reached XP level 3. HP: 20/20 MP: 9/9
   961 | D:2      | Noticed Sigmund
   996 | D:2      | You fall into a shaft and drop 1 floor!
  1049 | D:3      | Reached ** piety under Sif Muna
  1078 | D:3      | Found a glowing golden altar of the Shining One.
  1149 | D:3      | Reached skill level 3 in Long Blades
  1159 | D:3      | Reached XP level 4. HP: 25/25 MP: 10/10
  1366 | D:3      | Noticed Terence
  1416 | D:2      | Noticed Robin
  1567 | D:2      | Reached skill level 4 in Long Blades
  1797 | D:2      | Reached XP level 5. HP: 29/29 MP: 11/11
  1857 | D:2      | Killed Robin
  2316 | D:3      | Reached *** piety under Sif Muna
  2612 | D:3      | Killed Terence
  2875 | D:4      | Reached skill level 5 in Long Blades
  2886 | D:4      | Found a burning altar of Makhleb.
  3035 | D:4      | Learned a level 2 spell: Lesser Beckoning
  3039 | D:4      | Learned a level 3 spell: Vhi's Electric Charge
  3065 | D:4      | Learned a level 3 spell: Frozen Ramparts
  3114 | D:4      | Reached XP level 6. HP: 30/34 MP: 12/12
  3147 | D:4      | Found a shimmering blue altar of Sif Muna.
  3475 | D:5      | Entered Level 5 of the Dungeon
  3606 | D:5      | Reached skill level 1 in Ice Magic
  3639 | D:5      | Found a staircase to the Ecumenical Temple.
  3667 | D:5      | Reached XP level 7. HP: 38/38 MP: 14/14
  3721 | D:5      | Found an ancient bone altar of Kikubaaqudgha.
  3727 | D:5      | Noticed a human
  3729 | D:5      | Killed a human
  4188 | D:5      | Reached skill level 6 in Long Blades
  4316 | D:5      | Found a stormy altar of Qazlal.
  4318 | D:5      | Noticed a water elemental
  4319 | D:5      | Noticed a fire elemental
  4319 | D:5      | Noticed an air elemental
  4355 | D:5      | Reached **** piety under Sif Muna
  4575 | D:5      | Reached skill level 5 in Spellcasting
  4575 | D:5      | Reached skill level 5 in Translocations
  4674 | D:5      | Reached XP level 8. HP: 43/43 MP: 17/17
  5055 | D:6      | Noticed Edmund
  5095 | D:6      | Found a broken altar of Ashenzari.
  5527 | D:6      | Reached skill level 1 in Shields
  5959 | D:7      | Reached skill level 7 in Long Blades
  5983 | D:7      | Found a flagged portal.
  5998 | Bailey   | Entered a bailey
  6121 | Bailey   | Learned a level 4 spell: Manifold Assault
  6166 | Bailey   | Reached skill level 5 in Ice Magic
  6268 | Bailey   | Reached XP level 9. HP: 45/47 MP: 20/20
  6389 | Bailey   | Noticed an orc high priest
  6438 | Bailey   | Noticed an ice devil
  6439 | Bailey   | Noticed an ice devil
  6441 | Bailey   | Noticed a sun demon
  6441 | Bailey   | Noticed a red devil
  6442 | Bailey   | Killed an orc high priest
  6443 | Bailey   | Reached skill level 8 in Long Blades
  7220 | Bailey   | Killed from afar by an electric eel

Illustrated notes

Levels and vault maps discovered:
D:1:      ebering_trefoil_3fold, layout_basic, serial_shops,
          nicolae_shop_bloodbath_and_beyond, shapermc_ecumenical_altar_pompeii
D:2:      layout_basic, uniq_robin, uniq_sigmund
D:3:      minmay_diamond_boxcup, layout_loops_cross, old_standard_altar,
          lightli_sewer_entry_pipes, uniq_terence
D:4:      layout_cave_pools, mainiacjoe_overflow_cross_hatched, bloody_makhleb,
          chequers_arboretum
D:5:      layout_basic, nicolae_qazlal_style_of_elements, tgw_kikubaaqudgha,
          minmay_temple_entry_offerings, serial_undead, serial_undead_b,
          serial_undead_c, serial_undead_e, serial_undead_e,
          chequers_serial_rivers_small_a
D:6:      layout_loops_ring, nicolae_ashenzari_skybound, uniq_edmund
D:7:      layout_layer_cave, lemuel_doored_altar, enter_bailey_5, serial_shops,
          shop_coins, hangedman_decor_push, minmay_shop_grid_forest
Bailey:   bailey_axe_of_yendor_kennysheep, bailey

Skill      XL: |  1  2  3  4  5  6  7  8  9 |
---------------+----------------------------+-----
Long Blades    | 2 3 4 5 6 7 8 |  8.7
Stealth        | 1 2 3 4 |  4.0
Translocations | 4 5 |  5.0
Ice Magic      | 1 3 5 6 |  6.0
Spellcasting   | 5 6 |  6.0
Dodging        | 3 |  3.0
Shields        | 2 3 |  3.0
Fighting       | |  1.5
Throwing       | |  1.0
Armour         | |  0.7

Action                     |  1- 3 |  4- 6 |  7- 9 || total
---------------------------+-------+-------+-------++-------
  Melee: Falchion          |    21 |       |       ||    21
         Punch             |     2 |     2 |       ||     4
         Long sword        |    91 |   160 |   269 ||   520
   Fire: Sling             |       |    66 |    98 ||   164
  Throw: Boomerang         |       |     1 |       ||     1
         Dart              |       |       |    10 ||    10
   Cast: Blink             |       |       |     1 ||     1
         Frozen Ramparts   |       |       |     1 ||     1
    Use: Scroll            |       |     3 |     3 ||     6
         Potion            |       |       |     1 ||     1
   Stab: Sleeping          |     3 |     2 |     3 ||     8
 Armour: Leather armour    |    30 |    55 |    44 ||   129
         Ring mail         |       |    12 |       ||    12
  Dodge: Dodged            |    60 |   135 |   157 ||   352
         Repelled          |       |       |     7 ||     7
  Block: Buckler           |       |       |    31 ||    31

Table legend: (Time is in decaauts)
 A = Elapsed time spent in this place.
 B = Non-inter-level travel time spent in this place.
 C = Inter-level travel time spent in this place.
 D = Time resting spent in this place.
 E = Time spent auto-exploring this place.
 F = Levels seen in this place.
 G = Mean time per level.
                   A        B        C        D        E       F      G
               +--------+--------+--------+--------+--------+-----+--------+
         Total |   7402 |   7065 |    337 |   1250 |   3649 |   8 |  925.2 |
       Dungeon |   6147 |   5810 |    337 |    538 |   3600 |   7 |  878.1 |
        Bailey |   1255 |   1255 |      0 |    712 |     49 |   1 | 1255.0 |
               +--------+--------+--------+--------+--------+-----+--------+

Top non-repeatable levels by time:
     D:5: 1393 daAuts
  Bailey: 1255 daAuts
     D:3: 1181 daAuts
     D:2: 1062 daAuts
     D:6: 814 daAuts
     D:1: 778 daAuts
     D:4: 731 daAuts
     D:7: 185 daAuts
